 Dungeon Crawl Stone Soup version 0.32-a0-132-g2d33c3cfaf (webtiles) character file.

Game seed: 700473639090986928

1993 pokeman the Thaumaturge (level 9, -7/48 HPs)
             Began as a Deep Elf Hedge Wizard on Feb 9, 2024.
             Mangled by a +2 spectral quarterstaff (18 damage)
             ... created by Joseph
             ... on level 7 of the Dungeon.
             The game lasted 00:15:48 (6296 turns).

pokeman the Thaumaturge (Deep Elf Hedge Wizard)     Turns: 6296, Time: 00:15:48

Health: -7/48      AC:  8    Str:  7    XL:     9   Next: 1%
Magic:  13/26      EV: 12    Int: 24    God:
Gold:   647        SH:  0    Dex: 14    Spells: 22/30 levels left

rFire   . . .        u - +2 whip (venom)
rCold   . . .        (no shield)
rNeg    . . .        m - +2 leather armour {rPois}
rPois   +            z - +0 helmet
rElec   .            c - +1 cloak
rCorr   .            (no gloves)
SInv    .            (no boots)
Will    .....        (no amulet)
Stlth   ++           (no ring)
HPRegen 0.28/turn    (no ring)
MPRegen 0.20/turn

%: no passive effects
@: no status effects
A: no striking features
a: no special abilities


You were on level 7 of the Dungeon.
You visited 2 branches of the dungeon, and saw 8 of its levels.

You collected 647 gold pieces.

Inventory:

Hand Weapons
 u - a +2 whip of venom (weapon)
Missiles
 a - 2 throwing nets
Armour
 c - a +1 cloak (worn)
 m - a +2 leather armour of poison resistance (worn)
 t - a +0 buckler
 v - the +6 leather armour of Plasticity {^Contam rF+ Will+ Dex+3}
   (You found it on level 4 of the Dungeon)

   Dex+3:     It affects your dexterity (+3).
   rF+:       It protects you from fire.
   Will+:     It increases your willpower.
   ^Contam:   It causes magical contamination when unequipped.
 z - a +0 helmet (worn)
Wands
 s - a wand of roots (2)
 x - a wand of mindburst (22)
Scrolls
 b - 6 scrolls of teleportation {unknown}
 e - 2 scrolls of amnesia {unknown}
 g - 3 scrolls of vulnerability {unknown}
 i - a scroll of silence {unknown}
 j - a scroll of brand weapon {unknown}
 k - 2 scrolls of identify {unknown}
 n - a scroll of fog {unknown}
 o - a scroll of acquirement {unknown}
 y - 2 scrolls of poison {unknown}
Potions
 d - a potion of magic
 f - a potion of enlightenment {unknown}
 h - 4 potions of curing {unknown}
 l - 4 potions of attraction {unknown}
 p - a potion of degeneration {unknown}
 q - 2 potions of lignification {unknown}
 r - 2 potions of cancellation {unknown}
 w - a potion of might {unknown}


   Skills:
 - Level 2.0 Fighting
 + Level 1.9 Armour
 - Level 3.0 Dodging
 - Level 3.0 Stealth
 - Level 3.0 Shields
 * Level 11.3 Spellcasting
 + Level 6.3 Conjurations
 - Level 1.1 Summonings
 - Level 1.1 Translocations
 - Level 1.0 Air Magic
 - Level 1.1 Alchemy
 - Level 1.0 Evocations


You had 22 spell levels left.
You knew the following spells:

 Your Spells              Type           Power      Damage    Failure   Level
a - Magic Dart            Conj           100%       1d8       1%          1
b - Mephitic Cloud        Conj/Alch/Air  27%        N/A       6%          3
c - Call Imp              Summ           36%        N/A       6%          2
d - Blink                 Tloc           36%        N/A       6%          2

Your spell library contained the following spells:

 Spells                   Type           Power      Damage    Failure   Level
 Slow                     Hex            52%        N/A       7%          1
 Cigotuvi's Dreadful Rot  Necr/Alch/Air  34%        N/A       8%          2
 Ensorcelled Hibernation  Hex/Ice        26%        N/A       10%         2
 Swiftness                Air            18%        N/A       13%         3
 Passwall                 Erth           13%        N/A       21%         3
 Summon Blazeheart Golem  Fire/Summ      16%        N/A       47%         4
 Orb of Destruction       Conj           21%        9d8       99%         7
 Spellforged Servitor     Conj/Summ      15%        N/A       100%        7


Dungeon Overview and Level Annotations

Branches:
Dungeon (7/15)             Temple (1/1) D:5

Altars:
Ashenzari
Dithmenos
Elyvilon
Fedhas
Okawaru
Qazlal
Trog
Uskayaw
Wu Jian
Zin

Shops:
D:4 [

Annotations:
D:7 Joseph


Message History

Casting: Magic Dart (safe; 1% risk of failure)
Confirm with . or Enter, or press ? or * to list all spells.
Aiming: Magic Dart (safe; 1% risk of failure)
Press: ? - help, Shift-Dir - straight line, f/p - phantom
Aim: a phantom (almost destroyed, 100% to hit)
The magic dart hits the phantom!
You destroy the phantom!
You kill the centaur!
Unknown command.
A bullfrog comes into view.
Casting: Magic Dart (safe; 1% risk of failure)
Confirm with . or Enter, or press ? or * to list all spells.
Aiming: Mephitic Cloud (dangerous; 8% risk of failure)
Press: ? - help, Shift-Dir - straight line, f - bullfrog
Aim: a bullfrog (wandering, hasn't noticed you, chance to affect: 81%)
The ball explodes into a vile cloud!
The stinking cloud engulfs the bullfrog.
The bullfrog gives a loud, deep croak!
The bullfrog is engulfed in noxious fumes.
The bullfrog appears confused.
Unknown command.
You hit the bullfrog.
The bullfrog is poisoned.
The bullfrog is lightly wounded.
The bullfrog is engulfed in noxious fumes.
The bullfrog appears confused.
The bullfrog closely misses you.
The bullfrog hits itself!
Unknown command.
You catch the helpless bullfrog completely off-guard!
You hit the bullfrog.
The bullfrog looks as sick as possible!
The bullfrog is almost dead.
You kill the bullfrog!
You have reached level 9!
Your experience leads to an increase in your attributes!
Increase (S)trength, (I)ntelligence, or (D)exterity?
You feel clever. x2
Joseph, a Mercenary comes into view.
He is wielding a +2 spectral quarterstaff, wearing a +2 ring mail of poison resistance and carrying a wand of light.
Joseph shouts!
Joseph hits you with a +2 spectral quarterstaff!
* * * LOW HITPOINT WARNING * * *
The +2 spectral quarterstaff hits you!!
You die...

#.#
#...######.#
#.# #.....#
#.. .......#.#
### ###
####.###.#
#....
#.###.##.))...
#....†......#
####..#.....#
####°#.#.#..#
#..(@....# .#
####@#.###
§.##.# ##.#
#.# #.# ## #.#
... #..


You could see Joseph and a +2 spectral quarterstaff (wandering).

Vanquished Creatures
  A steam dragon (D:7)
  A water moccasin (D:5)
  An orc warrior (D:6)
  2 ice beasts (D:6)
  An ogre (D:5)
  A centaur (D:7)
  A phantom (D:7)
  3 bullfrogs
  A gnoll sergeant (D:6)
  3 scorpions
  3 howler monkeys
  A bombardier beetle (D:5)
  A gnoll bouda (D:5)
  2 jellies (D:6)
  2 orc priests (D:6)
  Ijyb (D:3)
  4 orc wizards
  2 iguanas
  2 adders
  19 gnolls
  A white imp (D:5)
  2 ufetubi (D:5)
  4 ribbon worms
  4 dart slugs
  17 orcs
  5 bats
  6 endoplasms
  4 giant cockroaches
  8 goblins
  7 hobgoblins
  14 jackals
  7 kobolds
  5 quokkas
  7 ball pythons
  2 frilled lizards (D:2)
  2 rats (D:3)
147 creatures vanquished.

Vanquished Creatures (collateral kills)
  A ribbon worm (D:4)
1 creature vanquished.

Grand Total: 148 creatures vanquished

Notes
Turn   | Place    | Note
-------+----------+-------------------------------------------
     0 | D:1      | pokeman the Deep Elf Hedge Wizard began the quest for the
                  | Orb.
     0 | D:1      | Reached XP level 1. HP: 10/10 MP: 7/7
   330 | D:1      | Reached XP level 2. HP: 15/15 MP: 6/9
   853 | D:1      | Reached skill level 5 in Spellcasting
  1188 | D:2      | Reached XP level 3. HP: 20/20 MP: 7/11
  1192 | D:2      | Learned a level 3 spell: Mephitic Cloud
  1195 | D:2      | Learned a level 2 spell: Call Imp
  1198 | D:2      | Learned a level 2 spell: Blink
  1408 | D:2      | Reached skill level 1 in Armour
  1425 | D:2      | Reached skill level 1 in Fighting
  1563 | D:2      | Reached XP level 4. HP: 25/25 MP: 7/13
  2083 | D:2      | Found a faded altar of an unknown god.
  2156 | D:3      | Reached skill level 6 in Spellcasting
  2234 | D:3      | Found an iron altar of Okawaru.
  2234 | D:3      | Found a white marble altar of Elyvilon.
  2342 | D:3      | Reached XP level 5. HP: 29/29 MP: 10/15
  2457 | D:3      | Noticed Ijyb
  2467 | D:3      | Killed Ijyb
  3211 | D:4      | Found Foedofagg's Armour Boutique.
  3244 | D:4      | Reached skill level 1 in Air Magic
  3399 | D:4      | Reached skill level 1 in Evocations
  3417 | D:4      | Reached skill level 1 in Alchemy
  3417 | D:4      | Reached XP level 6. HP: 34/34 MP: 6/17
  3506 | D:4      | Found a broken altar of Ashenzari.
  3520 | D:4      | Identified the +6 leather armour of Plasticity {^Contam rF+
                  | Will+ Dex+3}
  3859 | D:4      | Reached skill level 7 in Spellcasting
  4155 | D:5      | Entered Level 5 of the Dungeon
  4166 | D:5      | Reached XP level 7. HP: 28/39 MP: 11/20
  4276 | D:5      | Reached skill level 8 in Spellcasting
  4330 | D:5      | Reached skill level 1 in Shields
  4530 | D:5      | Found a staircase to the Ecumenical Temple.
  4536 | Temple   | Found a transporter.
  4536 | Temple   | Found a transporter.
  4536 | Temple   | Found a transporter.
  4536 | Temple   | Found a transporter.
  4536 | Temple   | Entered the Ecumenical Temple
  4835 | D:5      | Reached skill level 9 in Spellcasting
  5007 | D:6      | Reached XP level 8. HP: 17/44 MP: 17/23
  5206 | D:6      | Reached skill level 5 in Conjurations
  5316 | D:6      | Reached skill level 10 in Spellcasting
  6224 | D:7      | Reached skill level 11 in Spellcasting
  6288 | D:7      | Reached XP level 9. HP: 22/48 MP: 11/26
  6293 | D:7      | Noticed Joseph
  6296 | D:7      | Mangled by a +2 spectral quarterstaff

Illustrated notes

Levels and vault maps discovered:
D:1:      mrwooster_arrival_arrow, layout_basic
D:2:      layout_basic, dreamdust_ecumenical_altar_hidden_monk_grotto,
          nicolae_grassy_gnolls
D:3:      layout_loops_cross, gammafunk_temple_overflow_elements, uniq_ijyb
D:4:      layout_rooms, ashenzari_conservatory_becter, serial_shops, shop,
          nicolae_wormholes
D:5:      layout_rooms, minmay_temple_entry_wispy, roderic_roman_lattice
D:6:      layout_basic, dreamdust_princess_bridge, minmay_gold_behind_fungi
D:7:      layout_loops_ring, nicolae_gozag_zags_fifth_avenue,
          nzn_hepliaklqana_mist_gate, amethyst_overflow_temple_binary,
          nicolae_take_the_stairs, dilly_guarded_unrand_morg, uniq_joseph
Temple:   hellmonk_temple_divided_pantheon

Skill      XL: |  1  2  3  4  5  6  7  8 |
---------------+-------------------------+-----
Spellcasting   | 5 6 7 9 11 | 11.3
Armour         | 1 |  1.9
Conjurations   | 2 3 4 6 |  6.3
Fighting       | 1 2 |  2.0
Stealth        | 3 |  3.0
Dodging        | 3 |  3.0
Air Magic      | 1 |  1.0
Evocations     | 1 |  1.0
Alchemy        | 1 |  1.1
Shields        | 1 3 |  3.0
Summonings     | |  1.1
Translocations | |  1.1

Action                     |  1- 3 |  4- 6 |  7- 9 || total
---------------------------+-------+-------+-------++-------
  Melee: Dagger            |    27 |    76 |    52 ||   155
         Punch             |     1 |     3 |    12 ||    16
         Whip              |       |       |    53 ||    53
   Cast: Magic Dart        |    94 |   123 |    90 ||   307
         Mephitic Cloud    |     2 |    12 |    21 ||    35
         Call Imp          |     1 |     2 |     4 ||     7
         Blink             |       |       |     2 ||     2
   Stab: Distracted        |     1 |       |       ||     1
         Confused          |       |     9 |    14 ||    23
 Armour: Robe              |    20 |       |       ||    20
         Leather armour    |    21 |    32 |    81 ||   134
  Dodge: Dodged            |    35 |    41 |    78 ||   154

Table legend: (Time is in decaauts)
 A = Elapsed time spent in this place.
 B = Non-inter-level travel time spent in this place.
 C = Inter-level travel time spent in this place.
 D = Time resting spent in this place.
 E = Time spent auto-exploring this place.
 F = Levels seen in this place.
 G = Mean time per level.
                   A        B        C        D        E       F      G
               +--------+--------+--------+--------+--------+-----+--------+
         Total |   6300 |   6185 |    115 |    283 |   4822 |   8 |  787.5 |
       Dungeon |   6271 |   6165 |    106 |    283 |   4822 |   7 |  895.9 |
        Temple |     29 |     20 |      9 |      0 |      0 |   1 |   29.0 |
               +--------+--------+--------+--------+--------+-----+--------+

Top non-repeatable levels by time:
     D:1: 1150 daAuts
     D:3: 1105 daAuts
     D:6: 1027 daAuts
     D:5: 972 daAuts
     D:2: 955 daAuts
     D:4: 943 daAuts
     D:7: 117 daAuts
  Temple: 29 daAuts
